AoeStats
← DK_byktor

Arabia

510314677Analyzed
1v1 RM · 2d ago on Sep 30, 2026· 21m 59s· 2 players
Game mode
Random Map
Map size
Tiny (2 player)
Population
200
Speed
Normal
Resources
Standard
Victory
Conquest
Starting age
Dark Age
Ending age
Imperial Age
RankedLock teamsTeams togetherTeam positionsShared explorationLock speedFull tech treeHidden civsTurbo modeCheats
Victory
Defeat
🇪🇸 Magyars · Spain
1341
+17
🇨🇳 Khmer · China
1359
-17
DK_byktor
5:49 Loom
6:56 Loom
9:18 Feudal Age
12:31 Double-Bit Axe
18:46 Fletching
20:02 Padded Archer Armor
Alan FEVM
6:15 Loom
8:25 Feudal Age
10:20 Fletching
Connection lost

Rejoining the realm…

Still unreachable

The connection could not be restored.

Session expired

The server has moved on; the page needs a fresh start.